 Dungeon Crawl Stone Soup version 0.27.1 (webtiles) character file.

Game seed: 7271616643468029437

28 Malachi the Skirmisher (level 2, 24/24 HPs)
             Began as a Demonspawn Monk on Aug 25, 2021.
             Was a Plaything of Xom.
             Got out of the dungeon alive.
             The game lasted 00:00:58 (1490 turns).

Malachi the Skirmisher (Demonspawn Monk)            Turns: 1490, Time: 00:00:58

Health: 24/24      AC:  2    Str: 11    XL:     2   Next: 96%
Magic:  2/2        EV: 13    Int: 11    God:    Xom [..*...]
Gold:   33         SH:  0    Dex: 15    Spells: 1/1 levels left

rFire    . . .     SeeInvis .   a - +0 spear
rCold    . . .     Faith    .   (no shield)
rNeg     . . .     Spirit   .   b - +0 robe
rPois    .         Reflect  .   (no helmet)
rElec    .         Harm     .   (no cloak)
rCorr    .         Rampage  .   (no gloves)
Will     .....                  (no boots)
Stlth    ++........             (no amulet)
HPRegen  0.08/turn              (no ring)
MPRegen  0.08/turn              (no ring)

@: no status effects
A: ignite blood 1
a: Renounce Religion


You escaped.
You worshipped Xom.
You were a toy of Xom.
You visited 1 branch of the dungeon, and saw 1 of its levels.

You collected 33 gold pieces.

Inventory:

Hand Weapons
 a - a +0 spear (weapon)
Armour
 b - a +0 robe (worn)
 d - a +0 kite shield
Scrolls
 e - a scroll of fog {unknown}
Potions
 c - a potion of ambrosia {unknown}
 f - a potion of resistance {unknown}


   Skills:
 + Level 3.4 Fighting
 + Level 3.1 Polearms
 + Level 3.0 Dodging
 + Level 2.0 Stealth


You had one spell level left.
You didn't know any spells.
Your spell library was empty.

Dungeon Overview and Level Annotations

Branches:
Dungeon (1/15)

Altars:
Xom


Innate Abilities, Weirdness & Mutations

Your demonic aura sometimes causes spilled blood to erupt in flames.


Message History

Found a stone staircase leading down.
Found a faded altar of an unknown god.
Found a stone staircase leading down.
There is a faded altar of an unknown god here.
You cannot tell which god this altar belongs to.
Convert to them anyway?
Xom accepts your prayer! Xom welcomes you!
Xom is fascinated!
Unknown command.
Press < or > to pray at altars.
Unknown command.
Press < or > to pray at altars.
Found 12 stones.
Found a leather armour.
An endoplasm comes into view.
Found 4 gold pieces.
You see here 12 stones.
An endoplasm is nearby!
The endoplasm quivers.
No target in view!
No target in view!
No target in view!
No target in view!
No target in view!
An endoplasm is nearby!
You can't go up here!
You hit the endoplasm but do no damage. The endoplasm hits you.
You hit the endoplasm but do no damage. The endoplasm closely misses you.
You hit the endoplasm.
You kill the endoplasm!
No target in view!
No target in view!
There is a stone staircase leading down here.
You see here 12 stones.
You see here a +0 short sword.
There is an open door here.
There is an open door here.
There is a staircase leading out of the dungeon here.
Are you sure you want to leave the Dungeon?
This will make you lose the game!
You have escaped!

+...'..# #...#(.#
####...####
#..#...#[.# ##
#(.'...'..# .#
#..#...#..# .#
####.#.#### .#
#..#.#.#..#
.#######..'...'.@#
.......#..#...#P.#
.#####.####...####
## #.#.P#...#..#
#.#..'...'..#
#.#..#..[#..#
######
######.###########
#....# #...##.####
#....# #.........#
#....#


There were no monsters in sight!

Vanquished Creatures
  A dart slug (D:1)
  2 bats (D:1)
  7 endoplasms (D:1)
  3 goblins (D:1)
  A hobgoblin (D:1)
  A quokka (D:1)
  A ball python (D:1)
  2 kobolds (D:1)
  6 rats (D:1)
24 creatures vanquished.

Notes
Turn   | Place    | Note
-------+----------+-------------------------------------------
     0 | D:1      | Malachi the Demonspawn Monk began the quest for the Orb.
     0 | D:1      | Reached XP level 1. HP: 18/18 MP: 1/1
   405 | D:1      | Gained mutation: Your demonic aura sometimes causes spilled
                  | blood to erupt in flames. [demonic ancestry]
   405 | D:1      | Reached XP level 2. HP: 8/24 MP: 2/2
  1325 | D:1      | Found a faded altar of an unknown god.
  1414 | D:1      | Became a worshipper of Xom of Chaos
  1490 | D:$      | Got out of the dungeon alive.

Illustrated notes

Levels and vault maps discovered:
D:1:      dpeg_arrival_prison, layout_basic, shapermc_ecumenical_altar_petra

Skill      XL: |  1  2 |
---------------+-------+-----
Dodging        | 3 |  3.0
Polearms       | 3 |  3.1
Stealth        | 2 |  2.0
Fighting       | |  3.4

Action                   || total
-------------------------++-------
Melee: Spear             ||    77
 Stab: Sleeping          ||     3
Armor: Robe              ||    15
Dodge: Dodged            ||    32
